 Dungeon Crawl Stone Soup version 0.31-a0-851-g7ff8af7976 (webtiles) character file.

Game seed: 4322140777238203817

23611 Warped the Basher (level 13, -5/135 (140) HPs)
             Began as an Ogre Gladiator on Oct 7, 2023.
             Was the Champion of Makhleb.
             Slain by a komodo dragon (11 damage)
             ... on level 2 of the Lair of Beasts on Oct 8, 2023.
             The game lasted 00:28:00 (14961 turns).

Warped the Basher (Ogre Gladiator)                 Turns: 14961, Time: 00:28:01

HP:   -5/135 (140)  AC: 13    Str: 23    XL:     13   Next: 7%
MP:   18/18         EV: 12    Int:  9    God:    Makhleb [******]
Gold: 1358          SH:  0    Dex: 12    Spells: 12/12 levels left

rFire   . . .        q - +5 flail (heavy)
rCold   . . .        (no shield)
rNeg    + . .        f - +0 steam dragon scales
rPois   .            c - +1 hat
rElec   .            i - +0 cloak
rCorr   .            (gloves unavailable)
SInv    .            (boots unavailable)
Will    +....        l - amulet of faith
Stlth   +            s - +4 ring of protection
HPRegen 0.42/turn    g - ring of positive energy
MPRegen 0.16/turn

%: faith
@: lightly drained
A: large, unfitting armour, tough skin 1
a: Renounce Religion, Minor Destruction, Lesser Servant of Makhleb, Major
Destruction, Greater Servant of Makhleb


You were on level 2 of the Lair of Beasts.
You worshipped Makhleb.
Makhleb was exalted by your worship.
You visited 3 branches of the dungeon, and saw 14 of its levels.
You also visited: Bailey.

You collected 1358 gold pieces.

Inventory:

Hand Weapons
 o - the +11 spear of Goesirih {antimagic, rN+}
   (You found it on level 7 of the Dungeon)

   rN+:       It protects you from negative energy.
 q - a +5 heavy flail (weapon)
 w - a +0 battleaxe
 y - a +0 lajatang
 E - a +0 orcbow
 F - the +1 flail "Vorumm" {freeze, Str+2 SInv Stlth-}
   (You took it off an orc wizard on level 8 of the Dungeon)

   Str+2:     It affects your strength (+2).
   SInv:      It lets you see invisible.
   Stlth-:    It makes you less stealthy.
 L - a +2 war axe of electrocution
Missiles
 e - 7 large rocks (quivered)
 k - 79 stones
 t - 18 curare-tipped darts
 z - 30 poisoned darts
 A - 11 boomerangs
Armour
 c - a +1 hat (worn)
 f - +0 steam dragon scales (worn)
 i - a +0 cloak (worn)
 x - a +0 troll leather armour
Jewellery
 g - a ring of positive energy (right hand)
 l - an amulet of faith (around neck)
 m - a ring of see invisible
 s - a +4 ring of protection (left hand)
 N - a ring of protection from cold
Talismans
 D - a serpent talisman
Wands
 b - a wand of iceblast (4)
 u - a wand of charming (21)
 H - a wand of digging (5)
 I - a wand of flame (6)
 M - a wand of mindburst (6)
Scrolls
 d - a scroll of enchant weapon
 h - 3 scrolls of amnesia
 n - a scroll of fog
 p - 7 scrolls of teleportation
 r - 3 scrolls of immolation
 G - a scroll of vulnerability
 J - 5 scrolls of identify
 K - a scroll of revelation
Potions
 v - 3 potions of attraction
 C - 2 potions of enlightenment
Miscellaneous
 a - a phantom mirror
 j - a box of beasts


   Skills:
 - Level 12.1 Fighting
 * Level 14.1 Maces & Flails
 - Level 4.0 Throwing
 - Level 7.1 Armour
 - Level 6.1 Dodging
 - Level 6.7 Invocations


You had 12 spell levels left.
You didn't know any spells.
Your spell library contained the following spells:

 Spells                   Type           Power      Damage    Failure   Level
 Shock                    Conj/Air       0%         1d3       38%         1
 Scorch                   Fire           0%         2d5       52%         2
 Sublimation of Blood     Necr           0%         N/A       52%         2
 Wereblood                Tmut           0%         N/A       52%         2
 Frozen Ramparts          Ice            0%         1d1       77%         3
 Swiftness                Air            0%         N/A       77%         3
 Airstrike                Air            0%         2d(0-16)  99%         4
 Flame Wave               Conj/Fire      0%         2d4       99%         4
 Petrify                  Tmut/Erth      0%         N/A       99%         4
 Metabolic Englaciation   Hex/Ice        0%         N/A       100%        5
 Summon Cactus Giant      Summ           0%         N/A       100%        6
 Summon Hydra             Summ           0%         N/A       100%        7


Dungeon Overview and Level Annotations

Branches:
Dungeon (11/15)            Temple (1/1) D:5            Lair (2/5) D:11
 Shoals (0/4) Lair:2       Bailey (visited)
  Snake: Lair:2-3    Spider: Lair:2-3       Orc: D:9-12

Altars:
Ashenzari
Cheibriados
Dithmenos
Elyvilon
Fedhas
Gozag
Hepliaklqana
Kikubaaqudgha
Makhleb
Nemelex Xobeh
Okawaru
Qazlal
Ru
Sif Muna
Trog
Uskayaw
Vehumet
Wu Jian
Xom
Yredelemnul
Zin
The Shining One

Shops:
D:1 *!=

Portals:
Trove: D:11 (give 5 scrolls of fog)


Innate Abilities, Weirdness & Mutations

You are too large for most types of armour.
You have tough skin. (AC +1)


Message History

You closely miss the komodo dragon. The komodo dragon barely misses you.
You bludgeon the komodo dragon!!
The komodo dragon is moderately wounded.
The komodo dragon bites you!
* * * LOW HITPOINT WARNING * * *
You completely miss the komodo dragon.
The komodo dragon is moderately wounded.
The komodo dragon bites you!
* * * LOW HITPOINT WARNING * * *
You hit the komodo dragon but do no damage.
The komodo dragon is moderately wounded.
The komodo dragon closely misses you.
You hit the komodo dragon.
The komodo dragon is moderately wounded.
The komodo dragon barely misses you.
Unknown command.
Okay, then.
Throw: 9 large rocks
Press: ? - help, Q - select action, (/) - cycle Shift-Dir - straight line, f - komodo dragon
Aim: a komodo dragon (moderately wounded, 71% to hit)
You throw a large rock.
The large rock closely misses the komodo dragon.
The large rock closely misses the wolf.
The large rock hits the plant and shatters for extra damage!!
The plant begins to die.
The plant is lightly damaged.
The komodo dragon bites you but does no damage. x2
Unknown command.
Throw: 8 large rocks
Press: ? - help, Q - select action, (/) - cycle Shift-Dir - straight line, f/p - komodo dragon
Aim: a komodo dragon (moderately wounded, 71% to hit)
You throw a large rock.
The large rock closely misses the komodo dragon.
The large rock misses the wolf.
The large rock hits the plant!!
The plant is moderately damaged.
You hear a splash.
A nearby plant withers and dies.
The komodo dragon bites you!!
* * * LOW HITPOINT WARNING * * *
The komodo dragon bites you!
You die...

##................... #
#............................
#P.......#.#P..#.##. .........
##......P.........# .........
#........P........#...........
##.......#.#+...P#... ........
#..........>........ ......
...##..#...$..## ##..#
......#@#.#..# ## #....
......#l###..###P###...#
.....h.h# #............#
........#..........P#..#
........................
...................#....
#+..##~(..h.~..~~###.... ....
.~~~~.h~~hPP ##... ...
..~~~~~P~~~~ #....


You could see a komodo dragon and a wolf.

Vanquished Creatures
  A hydra (Lair:2)
  A cyclops (D:11)
  A manticore (Bailey)
  Joseph (D:9)
  A black mamba (Lair:1)
  Psyche (D:9)
  7 cane toads
  5 komodo dragons (Lair:2)
  3 trolls
  2 polar bears (Lair:1)
  Grinder (D:3)
  Sigmund (D:3)
  56 yaks
  3 wyverns
  A vampire (D:8)
  2 basilisks (Lair:2)
  4 steam dragons
  2 vampire mosquitoes (D:11)
  An acid dragon (D:11)
  8 water moccasins
  8 orc warriors
  3 ice beasts
  3 sky beasts
  3 wolves (Lair:2)
  A centaur (D:9)
  A phantom (D:6)
  5 kobold brigands
  14 bullfrogs
  3 scorpions
  5 wights
  18 killer bees
  6 howler monkeys
  An electric eel (D:9)
  3 hounds
  2 gnoll boudas
  3 jellies
  8 orc priests
  Ijyb (D:3)
  2 sleepcaps
  10 hell rats
  An iguana (D:6)
  11 orc wizards
  10 gnolls
  6 adders
  8 river rats (Lair:1)
  A shadow imp (D:7)
  2 white imps (D:8)
  An ufetubus (D:5)
  2 worms
  2 dart slugs (D:5)
  51 orcs
  7 bats
  7 endoplasms
  2 giant cockroaches
  15 goblins
  4 hobgoblins
  4 jackals (D:2)
  4 quokkas
  8 ball pythons
  3 frilled lizards
  17 kobolds
  7 rats
375 creatures vanquished.

Vanquished Creatures (collateral kills)
  An orc warrior (Bailey)
  A centaur (D:8)
  A kobold brigand (Bailey)
3 creatures vanquished.

Vanquished Creatures (others)
  An orc warrior (Bailey)
  A kobold brigand (Bailey)
  An orc (D:8)
3 creatures vanquished.

Grand Total: 381 creatures vanquished

Notes
Turn   | Place    | Note
-------+----------+-------------------------------------------
     0 | D:1      | Warped the Ogre Gladiator began the quest for the Orb.
     0 | D:1      | Reached XP level 1. HP: 22/22 MP: 1/1
    67 | D:1      | Found Mutrei's Jewellery Shop.
   111 | D:1      | Reached skill level 3 in Maces & Flails
   131 | D:1      | Found Hadubiuc's Distillery.
   161 | D:1      | Reached XP level 2. HP: 28/29 MP: 2/2
   483 | D:1      | Found Rerhyfra's Assorted Antiques.
   643 | D:1      | Found a faded altar of an unknown god.
  1059 | D:2      | Reached XP level 3. HP: 28/36 MP: 3/3
  1201 | D:2      | Reached skill level 4 in Maces & Flails
  1671 | D:2      | Reached XP level 4. HP: 36/44 MP: 4/4
  2209 | D:3      | Found a radiant altar of Vehumet.
  2211 | D:3      | Found an iron altar of Okawaru.
  2366 | D:3      | Found an opulent altar of Gozag.
  2374 | D:3      | Noticed Grinder
  2379 | D:3      | Paralysed by Grinder for 2 turns
  2392 | D:3      | Killed Grinder
  2393 | D:3      | Reached skill level 5 in Maces & Flails
  2393 | D:3      | Reached XP level 5. HP: 36/55 MP: 5/5
  2393 | D:3      | Reached XP level 6. HP: 41/63 MP: 6/6
  2555 | D:3      | Noticed Sigmund
  2561 | D:3      | Killed Sigmund
  2562 | D:3      | Reached skill level 5 in Fighting
  2562 | D:3      | Reached skill level 6 in Maces & Flails
  2562 | D:3      | Reached XP level 7. HP: 72/72 MP: 7/7
  2580 | D:3      | Noticed Ijyb
  2612 | D:3      | Killed Ijyb
  3347 | D:5      | Entered Level 5 of the Dungeon
  3379 | D:5      | Reached skill level 7 in Maces & Flails
  3554 | D:5      | Found a staircase to the Ecumenical Temple.
  3564 | Temple   | Entered the Ecumenical Temple
  3574 | Temple   | Became a worshipper of Makhleb the Destroyer
  3787 | D:5      | Reached XP level 8. HP: 51/84 MP: 8/8
  4376 | D:6      | Noticed a yak
  4376 | D:6      | Noticed a yak
  4376 | D:6      | Noticed a yak
  4376 | D:6      | Noticed a yak
  4376 | D:6      | Noticed a yak
  4421 | D:6      | Reached skill level 8 in Maces & Flails
  4610 | D:6      | Reached * piety under Makhleb
  4989 | D:6      | Killed a yak
  4993 | D:6      | Killed a yak
  4994 | D:6      | Reached skill level 9 in Maces & Flails
  4994 | D:6      | Reached XP level 9. HP: 66/97 MP: 9/9
  5653 | D:6      | HP: 3/98 [steam dragon/ball of steam (20)]
  5658 | D:6      | Reached skill level 10 in Maces & Flails
  6083 | D:7      | Reached ** piety under Makhleb
  6276 | D:7      | Reached skill level 1 in Armour
  6278 | D:7      | Identified the +11 spear of Goesirih {antimagic, rN+}
  6702 | D:7      | Reached skill level 10 in Fighting
  6726 | D:7      | Reached XP level 10. HP: 49/109 MP: 10/10
  6810 | D:8      | Found a flagged portal.
  6820 | Bailey   | Entered a bailey
  6938 | Bailey   | Reached *** piety under Makhleb
  7177 | Bailey   | Noticed an orc knight
  7186 | Bailey   | Reached skill level 1 in Invocations
  7228 | Bailey   | an orc knight changed into a manticore
  7228 | Bailey   | Noticed a manticore
  7234 | Bailey   | Killed a manticore
  7529 | Bailey   | Found a burning altar of Makhleb.
  7769 | D:8      | Identified the +1 flail "Vorumm" {freeze, Str+2 SInv
                  | Stlth-}
  7779 | D:8      | Reached skill level 11 in Maces & Flails
  8280 | D:8      | Reached **** piety under Makhleb
  8285 | D:8      | Reached XP level 11. HP: 95/120 MP: 13/13
  8737 | D:9      | Noticed Psyche
  8742 | D:9      | Killed Psyche
  9120 | D:9      | Reached skill level 5 in Dodging
  9656 | D:9      | Found a glowing golden altar of the Shining One.
  9724 | D:9      | Noticed Joseph
  9734 | D:9      | Killed Joseph
  9942 | D:9      | Found a basalt altar of Yredelemnul.
  9945 | D:9      | Found a sacrificial altar of Ru.
  9952 | D:9      | Reached skill level 5 in Armour
 10253 | D:10     | Entered Level 10 of the Dungeon
 10295 | D:10     | Reached ***** piety under Makhleb
 10619 | D:10     | Reached skill level 12 in Maces & Flails
 11267 | D:11     | Found a portal to a secret trove of treasure.
 11513 | D:11     | Reached skill level 5 in Invocations
 11728 | D:11     | Reached XP level 12. HP: 110/132 MP: 15/15
 12057 | D:11     | Found a staircase to the Lair.
 12461 | Lair:1   | Entered Level 1 of the Lair of Beasts
 13462 | Lair:1   | You fall into a shaft and drop 1 floor!
 13466 | Lair:2   | Reached skill level 13 in Maces & Flails
 13469 | Lair:2   | Reached ****** piety under Makhleb
 14217 | Lair:2   | Noticed a four-headed hydra
 14224 | Lair:2   | Killed a four-headed hydra
 14236 | Lair:2   | HP: 3/116 [hell rat (7)]
 14236 | Lair:2   | HP: 1/113 [hell rat (2)]
 14699 | Lair:2   | Reached XP level 13. HP: 108/125 MP: 18/18
 14767 | Lair:2   | Found a staircase to the Shoals.
 14857 | Lair:2   | Reached skill level 14 in Maces & Flails
 14961 | Lair:2   | HP: 6/135 [komodo dragon (20)]
 14961 | Lair:2   | Slain by a komodo dragon

Illustrated notes

Levels and vault maps discovered:
D:1:      heliophobic_arrival_battle_scene, layout_basic, serial_shops,
          nicolae_shop_industrial_runoff,
          nicolae_shop_temple_entry_statues_fountains, shop,
          hellmonk_ecumenical_altar_zigzags, skrybe_limestone_x
D:2:      kb_forest_paths, layout_loops_ring, hangedman_feature_mirror,
          minmay_misc_feat_more_columns
D:3:      kennysheep_the_goblin_king, layout_basic, overflow_temple_1_default,
          mainiacjoe_overflow_catwalk_spiral, uniq_grinder, uniq_sigmund
D:4:      layout_rooms
D:5:      layout_loops_cross, minmay_temple_entry_junction
D:6:      layout_cave_pools, grunt_ministairs_2
D:7:      layout_rooms, dreamdust_gnoll_farm
D:8:      minmay_bubble_buster, layout_cave_pools, enter_bailey_3
D:9:      layout_basic, nicolae_tso_carved_into_rock, nicolae_overflow_squiral,
          nicolae_eternal_life, uniq_joseph, uniq_psyche
D:10:     layout_basic
D:11:     layout_roguey, lair_entry_dummy, enter_trove_2
Temple:   nicolae_temple_superstar
Lair:1:   layout_regular_city, eino_small_chamber_without_monster,
          chequers_serial_rivers_micro_d, kennysheep_abandoned_house
Lair:2:   layout_chaotic_city, shoals_dummy_entry, grunt_megastairs_1,
          infiniplex_staircase_pool_2, serial_bayou_shore_a

Skill      XL: |  1  2  3  4  5  6  7  8  9 10 11 12 13 |
---------------+----------------------------------------+-----
Maces & Flails | 3 4 5 6 7 9 10 11 12 13 14 | 14.1
Fighting       | 4 5 6 8 10 11 12 | 12.1
Dodging        | 3 4 5 6 |  6.1
Armour         | 1 4 6 7 |  7.1
Invocations    | 3 5 6 |  6.7
Throwing       | 4 |  4.0

Action                     |  1- 3 |  4- 6 |  7- 9 | 10-12 | 13-15 || total
---------------------------+-------+-------+-------+-------+-------++-------
  Melee: Flail             |   111 |    59 |   299 |   608 |    37 ||  1114
         Punch             |     2 |       |     2 |     5 |       ||     9
  Throw: Throwing net      |       |       |     3 |     1 |       ||     4
         Dart              |       |       |       |     5 |       ||     5
         Large rock        |       |       |       |     7 |     2 ||     9
  Evoke: Wand              |       |     2 |       |    15 |       ||    17
         Phantom mirror    |       |       |       |     1 |       ||     1
         Box of beasts     |       |       |       |     1 |       ||     1
    Use: Scroll            |       |       |    17 |     8 |       ||    25
         Potion            |       |       |     7 |     5 |       ||    12
   Stab: Invisible         |       |     1 |       |       |       ||     1
         Held in net/web   |       |       |     1 |     1 |       ||     2
         Sleeping          |       |       |       |     1 |       ||     1
 Armour: Robe              |    82 |    46 |   307 |       |       ||   435
         Steam dragon scal |       |       |    99 |   650 |    38 ||   787
         Skin              |       |       |     1 |     1 |       ||     2
         Troll leather arm |       |       |       |    26 |       ||    26
  Dodge: Dodged            |    82 |    28 |   270 |   428 |    22 ||   830

Table legend: (Time is in decaauts)
 A = Elapsed time spent in this place.
 B = Non-inter-level travel time spent in this place.
 C = Inter-level travel time spent in this place.
 D = Time resting spent in this place.
 E = Time spent auto-exploring this place.
 F = Levels seen in this place.
 G = Mean time per level.
                   A        B        C        D        E       F      G
               +--------+--------+--------+--------+--------+-----+--------+
         Total |  15228 |  14508 |    720 |   3056 |   8494 |  15 | 1015.2 |
       Dungeon |  11821 |  11118 |    703 |   1763 |   7111 |  11 | 1074.6 |
        Temple |     19 |     11 |      8 |      0 |      0 |   1 |   19.0 |
          Lair |   2531 |   2523 |      8 |    821 |   1247 |   2 | 1265.5 |
        Bailey |    855 |    855 |      0 |    472 |    136 |   1 |  855.0 |
               +--------+--------+--------+--------+--------+-----+--------+

Top non-repeatable levels by time:
     D:6: 1677 daAuts
     D:9: 1543 daAuts
  Lair:1: 1442 daAuts
    D:11: 1211 daAuts
     D:8: 1203 daAuts
     D:2: 1113 daAuts
     D:1: 1099 daAuts
  Lair:2: 1089 daAuts
     D:5: 1072 daAuts
    D:10: 1028 daAuts
  Bailey: 855 daAuts
     D:3: 791 daAuts
     D:7: 697 daAuts
     D:4: 383 daAuts
  Temple: 19 daAuts
